 Dungeon Crawl Stone Soup version 0.31.0-7-gf635a9b802 (webtiles) character file.

Game seed: 2419709087616362267

42016 browni3141 the Grappler (level 13, -1/137 HPs)
             Began as a Troll Enchanter on Jan 23, 2024.
             Was a High Priest of Cheibriados.
             Slain by Kirke (10 damage)
             ... on level 5 of the Lair of Beasts.
             The game lasted 00:27:31 (12042 turns).

browni3141 the Grappler (Troll Enchanter)          Turns: 12042, Time: 00:27:32

Health: -1/137     AC:  0    Str: 34    XL:     13   Next: 83%
Magic:  3/17       EV: 14    Int: 22    God:    Cheibriados [*****.]
Gold:   1330       SH:  0    Dex: 21    Spells: 14/14 levels left

rFire   . .          .
                       - Unarmed
rCold   . . .        K - melded +0 tower shield
rNeg    . . .        L - melded +0 acid dragon scales
rPois   .            t - melded +2 hat {Stlth+}
rElec   .            (cloak currently unavailable)
rCorr   .            (gloves unavailable)
SInv    .            (boots unavailable)
Will    .....        O - amulet of the acrobat
Stlth   ++           U - melded +5 ring of evasion
HPRegen 1.22/turn    (ring currently unavailable)
MPRegen 0.15/turn

%: acrobat
@: pig-form, slowed, very slow
A: fast, no casting, small, unfitting armour, (claws 3), regeneration 1, (shaggy
fur 1), (tough skin 1)
a: Renounce Religion, Bend Time, Temporal Distortion, Slouch, Step From Time


You were on level 5 of the Lair of Beasts.
You worshipped Cheibriados.
Cheibriados was extremely pleased with you.
You were a filthy swine.
You visited 3 branches of the dungeon, and saw 18 of its levels.
You also visited: Sewer.

You collected 1330 gold pieces.

Inventory:

Hand Weapons
 d - a +2 trident of freezing
 z - a +1 morningstar of flaming
Missiles
 m - 17 large rocks (quivered)
 q - 13 curare-tipped darts
 w - 9 darts of dispersal
 y - 5 atropa-tipped darts
 E - 5 javelins
 J - 8 poisoned darts
 T - 5 boomerangs
 Z - 3 throwing nets
Armour
 t - a +2 hat of stealth (melded)
 K - a +0 tower shield (melded)
 L - +0 acid dragon scales (melded)
Jewellery
 a - a +6 ring of intelligence
 v - an amulet of regeneration
 O - an amulet of the acrobat (around neck)
 U - a +5 ring of evasion (melded)
Wands
 o - a wand of mindburst (8)
 p - a wand of polymorph (4)
 I - a wand of iceblast (6)
 P - a wand of paralysis (17)
 V - a wand of flame (2)
Scrolls
 c - a scroll of brand weapon {unknown}
 f - a scroll of fear {unknown}
 g - a scroll of acquirement {unknown}
 j - 7 scrolls of poison {unknown}
 k - 3 scrolls of vulnerability {unknown}
 u - a scroll of silence {unknown}
 x - 3 scrolls of torment {unknown}
 A - 4 scrolls of teleportation {unknown}
 B - 2 scrolls of enchant weapon {unknown}
 C - 2 scrolls of summoning {unknown}
 H - 4 scrolls of blinking {unknown}
 M - 3 scrolls of enchant armour {unknown}
 N - 8 scrolls of identify {unknown}
 Q - 2 scrolls of fog {unknown}
 W - 2 scrolls of immolation {unknown}
Potions
 b - 7 potions of curing {unknown}
 e - 2 potions of attraction {unknown}
 h - a potion of ambrosia {unknown}
 i - 4 potions of invisibility
 l - 3 potions of resistance {unknown}
 n - 4 potions of lignification {unknown}
 r - 2 potions of magic {unknown}
 s - 2 potions of enlightenment {unknown}
 D - 2 potions of might {unknown}
 F - 3 potions of brilliance {unknown}
 G - 5 potions of mutation {unknown}
 R - 8 potions of heal wounds {unknown}
 S - 5 potions of degeneration {unknown}
 X - 3 potions of cancellation {unknown}
 Y - 4 potions of haste {unknown}


   Skills:
 + Level 11.0 Fighting
 - Level 0.7 Short Blades
 - Level 1.5 Dodging
 - Level 1.5 Stealth
 - Level 12.8 Shields
 - Level 12.8 Unarmed Combat
 - Level 1.2 Spellcasting
 - Level 2.0 Hexes
 * Level 7.8 Invocations


You had 14 spell levels left.
You didn't know any spells.
Your spell library contained the following spells:

 Spells                   Type           Power      Damage    Failure   Level
 Sting                    Conj/Alch      4%         1d3       16%         1
 Ensorcelled Hibernation  Hex/Ice        10%        N/A       16%         2
 Confusing Touch          Hex            10%        N/A       21%         3
 Tukima's Dance           Hex            10%        N/A       21%         3
 Cigotuvi's Dreadful Rot  Necr/Alch/Air  2%         N/A       22%         2
 Mercury Vapours          Alch/Air       2%         N/A       22%         2
 Dazzling Flash           Conj/Hex       10%        N/A       30%         3
 Passwall                 Erth           1%         N/A       41%         3
 Swiftness                Air            1%         N/A       41%         3
 Dispel Undead            Necr           1%         3d6       83%         4
 Ignite Poison            Fire/Alch      1%         N/A       83%         4
 Martyr's Knell           Necr/Summ      1%         N/A       83%         4
 Olgreb's Toxic Radiance  Alch           1%         N/A       83%         4
 Vhi's Electric Charge    Tloc/Air       2%         N/A       83%         4
 Arcjolt                  Conj/Air       0%         1d10      99%         5
 Freezing Cloud           Conj/Ice/Air   0%         6-21      99%         5
 Death Channel            Necr           0%         N/A       100%        6
 Ozocubu's Refrigeration  Ice            0%         4d7       100%        7
 Discord                  Hex            5%         N/A       100%        8
 Maxwell's Capacitive Co  Air            0%         ∞         100%        8


Dungeon Overview and Level Annotations

Branches:
Dungeon (12/15)            Temple (1/1) D:6            Lair (5/5) D:10
 Shoals (0/4) Lair:2       Spider (0/4) Lair:3          Orc (0/2) D:12
  Sewer (visited)
  Slime: Lair:4-5

Altars:
Ashenzari
Cheibriados
Dithmenos
Elyvilon
Fedhas
Gozag
Hepliaklqana
Kikubaaqudgha
Makhleb
Nemelex Xobeh
Okawaru
Qazlal
Ru
Sif Muna
Trog
Uskayaw
Vehumet
Wu Jian
Xom
Yredelemnul
Zin
The Shining One

Shops:
D:3 (   D:9 [   D:12 :

Annotations:
D:6 exclusion: door
D:8 3 runed translucent doors, Chadd's ghost, novice MiBe
Lair:5 Kirke


Innate Abilities, Weirdness & Mutations

You are a filthy swine.
You move quickly.
Your equipment is almost entirely melded.
You are incapable of wielding weapons or throwing items.
You cannot cast spells.
You are too large for most types of armour.
((You have claws for hands.))
Your natural rate of healing is unusually fast.
((You are covered in fur. (AC +1)))
((You have tough skin. (AC +1)))


Message History

The hog bites you but does no damage.
You barely miss the hog.
The hog is severely wounded.
You block the hog's attack. The hog bites you.
You hear some strange, mumbled words.
Something summons a lindwurm!
The hog closely misses you.
You mangle the hog!!
You kill the hog!
Cheibriados thoroughly appreciates the change of pace.
A hog comes into view.
The manticore flicks its tail.
You block the volley of spikes. The hog bites you but does no damage.
A hog comes into view.
The hog misses you.
You barely miss the hog. You block the hog's attack.
You hear an angry squeal.
You eviscerate the hog!!!
You kill the hog!
Cheibriados appreciates the change of pace.
You feel yourself slow down.
You closely miss the manticore. The manticore bites you!
You block the manticore's attack. The manticore misses you.
You hear some strange, mumbled words.
You turn into a filthy swine.
Your +2 hat of stealth melds into your body.
Your +0 tower shield melds into your body.
Your +0 acid dragon scales melds into your body.
Your +5 ring of evasion melds into your body.
You feel less stealthy.
You hear an angry squeal.
You bite the manticore!
The manticore is lightly wounded.
The manticore bites you! The manticore closely misses you. x2
You hear an angry squeal.
You hit the manticore.
The manticore is moderately wounded.
The manticore bites you!! The manticore claws you. The manticore claws you!
Something hits you!
* * * LOW HITPOINT WARNING * * *
You hear a roar!
You hit the manticore.
The manticore is moderately wounded.
The manticore bites you!
* * * LOW HITPOINT WARNING * * *
The manticore claws you!
* * * LOW HITPOINT WARNING * * *
The manticore claws you!
* * * LOW HITPOINT WARNING * * *
Something hits you!
* * * LOW HITPOINT WARNING * * *
Unknown command.
You step out of the flow of time.
You return to the normal time flow.
Cheibriados lowers the support of your attributes as your movement quickens.
A hog comes into view.
The hog squeals angrily. x3; You hear a shout!
The hog barely misses you.
Unknown command.
Unknown command.
Okay, then.
Okay, then.
Unknown command.
Aiming: Paralyse
Press: ? - help, Shift-Dir - straight line, f - hog
Aim: a hog (chance to affect: 49%)
The hog suddenly stops moving!
Kirke casts a spell.
Nothing appears to happen.
The hog closely misses you.
You hear a roar!
Aiming: Paralyse
Press: ? - help, Shift-Dir - straight line, f - hog, p - hog
Aim: a hog (chance to affect: 49%)
The hog suddenly stops moving!
The hog bites you!
* * * LOW HITPOINT WARNING * * *
Aiming: Paralyse
Press: ? - help, Shift-Dir - straight line, f - hog, p - hog
Aim: a hog (chance to affect: 49%)
The hog suddenly stops moving!
Kirke gestures at you while chanting.
You feel a momentary urge to oink.
You don't know any spells.
Unknown command.
Unknown command.
Activating: Slouch (6% risk of failure)
Press: ? - help, Dir - look around, f - activate You can feel time thicken for a moment.
Kirke misses you.
You barely miss Kirke.
Kirke is moderately wounded.
Kirke shouts, "You pig!
I'll make you look the way you deserve."
Kirke hits you.
* * * LOW HITPOINT WARNING * * *
Kirke hits you.
* * * LOW HITPOINT WARNING * * *
You closely miss Kirke.
Kirke is moderately wounded.
Kirke hits you.
* * * LOW HITPOINT WARNING * * *
You bite Kirke!
Kirke is moderately wounded.
Kirke hits you!
You die...

.##. #. .... Y ...#
.# #..## ..## ###
#.h# #..P# ##.###
#.###...##
##....####k..H.h..#
#.....h##.{HhP#
##....hh#†.P###
#.†##@†hH.##
#...###†### ...
##...#### ## .....
##...###.P# .....#
##......#
......####......##
......#....8......#
...............8....


You could see Kirke, a manticore and 3 hogs.

Vanquished Creatures
  Gastronok (D:9)
  Josephine (Lair:5)
  Harold (D:9)
  2 hydras
  2 boulder beetles
  2 two-headed ogres
  A catoblepas (Lair:5)
  4 death yaks (Lair:5)
  Urug (D:10)
  A skyshark (Lair:3)
  Pikel (D:5)
  An orc knight (D:11)
  An ugly thing (D:8)
  4 cyclopes
  Maurice (D:9)
  3 elephants (Lair:2)
  2 manticores (D:11)
  A black mamba (Lair:5)
  A torpor snail (Lair:5)
  A merfolk siren (Lair:2)
  A gargoyle (D:11)
  Maggie (D:6)
  7 cane toads
  A yaktaur (D:11)
  6 rime drakes
  A kobold demonologist (D:11)
  Jeremiah (D:8)
  An unseen horror (D:10)
  A tengu conjurer (D:11)
  11 komodo dragons
  A troll (D:10)
  7 polar bears
  Prince Ribbit (D:5)
  3 blink frogs (Lair:2)
  Grinder (D:5)
  A shadow (D:11)
  9 wraiths
  3 hogs (Lair:5)
  A warg (D:12)
  3 wyverns
  Grum (D:10)
  22 yaks
  Eustachio (D:6)
  2 vampires (D:11)
  3 basilisks
  2 steam dragons (D:7)
  3 vampire mosquitoes (D:12)
  4 acid dragons
  3 water moccasins
  3 orc warriors
  2 ice beasts
  A sky beast (D:7)
  10 black bears
  13 wolves
  9 centaurs
  2 lemures (D:5)
  3 phantoms
  6 kobold brigands
  A gnoll sergeant (D:6)
  16 bullfrogs
  2 scorpions (D:5)
  10 wights
  22 killer bees
  A vampire bat (D:7)
  4 electric eels
  2 howler monkeys
  A crimson imp (D:5)
  2 hounds
  2 bombardier beetles (D:4)
  3 jellies
  5 orc priests
  4 hell rats (Lair:2)
  4 iguanas
  4 orc wizards
  3 sleepcaps
  12 adders
  3 white imps
  2 ufetubi (D:6)
  4 ribbon worms
  2 dart slugs
  31 orcs
  8 bats
  4 bat skeletons (D:7)
  2 bat zombies (D:7)
  5 endoplasms
  4 goblins
  6 hobgoblins
  11 jackals
  7 quokkas
  6 ball pythons
  2 frilled lizards
  23 kobolds
  9 rats
410 creatures vanquished.

Vanquished Creatures (others)
  A hound (D:7)
  An orc wizard (D:5)
  A white imp (D:6)
  An orc (D:7)
4 creatures vanquished.

Grand Total: 414 creatures vanquished

Notes
Turn   | Place    | Note
-------+----------+-------------------------------------------
     0 | D:1      | browni3141 the Troll Enchanter began the quest for the Orb.
     0 | D:1      | Reached XP level 1. HP: 16/16 MP: 1/1
    60 | D:1      | Reached XP level 2. HP: 26/26 MP: 2/2
   577 | D:2      | Found a shimmering altar of Xom.
   621 | D:2      | Reached XP level 3. HP: 33/33 MP: 3/3
  1115 | D:3      | Found a stormy altar of Qazlal.
  1219 | D:3      | Reached XP level 4. HP: 38/41 MP: 4/4
  1281 | D:3      | Found a basalt altar of Yredelemnul.
  1334 | D:3      | Reached skill level 3 in Unarmed Combat
  1336 | D:3      | Found a sparkling altar of Nemelex Xobeh.
  1548 | D:3      | Reached XP level 5. HP: 48/48 MP: 5/5
  1817 | D:3      | Found Tezyhouv's Antique Weapon Shop.
  2170 | D:4      | Noticed a black bear
  2193 | D:4      | Killed a black bear
  2194 | D:4      | Reached XP level 6. HP: 42/57 MP: 6/6
  2238 | D:4      | Reached skill level 3 in Shields
  2519 | D:4      | Found an ornate altar of the Wu Jian Council.
  2591 | D:5      | Entered Level 5 of the Dungeon
  2600 | D:5      | Noticed Grinder
  2614 | D:5      | Killed Grinder
  2615 | D:5      | Reached XP level 7. HP: 54/66 MP: 7/7
  2631 | D:5      | Noticed Prince Ribbit
  2645 | D:5      | Killed Prince Ribbit
  2646 | D:5      | Reached skill level 3 in Fighting
  2654 | D:5      | Found a glowing drain.
  2675 | Sewer    | Entered a sewer
  2721 | Sewer    | Reached skill level 6 in Unarmed Combat
  2721 | Sewer    | Reached XP level 8. HP: 63/75 MP: 8/8
  3040 | D:5      | Reached skill level 6 in Shields
  3086 | D:5      | Noticed Pikel
  3103 | D:5      | Killed Pikel
  3104 | D:5      | Reached XP level 9. HP: 76/85 MP: 9/9
  3219 | D:5      | Found a white marble altar of Elyvilon.
  3223 | D:5      | Identified the +6 dagger "Kybbag" {flame, SInv}
  3839 | D:6      | Found a staircase to the Ecumenical Temple.
  3853 | D:6      | Found a shimmering blue altar of Sif Muna.
  3865 | Temple   | Entered the Ecumenical Temple
  4019 | D:6      | Noticed Maggie
  4035 | D:6      | Killed Maggie
  4284 | D:6      | Noticed Eustachio
  4292 | D:6      | Killed Eustachio
  4653 | D:6      | Reached skill level 9 in Unarmed Combat
  4958 | D:7      | Reached XP level 10. HP: 81/96 MP: 10/10
  5129 | D:7      | Found an ancient bone altar of Kikubaaqudgha.
  5465 | D:7      | Found a bloodstained altar of Trog.
  5626 | D:8      | Noticed Jeremiah
  5708 | D:8      | Killed Jeremiah
  5956 | D:8      | Found a runed translucent gate.
  5958 | D:8      | Found a runed translucent gate.
  5958 | D:8      | Found a runed translucent gate.
  5962 | D:8      | Noticed Chadd's ghost (novice MiBe)
  6073 | D:8      | Found a snail-covered altar of Cheibriados.
  6112 | D:8      | Noticed a green ugly thing
  6133 | D:8      | Killed a green ugly thing
  6134 | D:8      | Reached skill level 9 in Shields
  6293 | D:8      | Found a blossoming altar of Fedhas.
  6294 | D:8      | Found a glowing silver altar of Zin.
  6294 | D:8      | Found an iron altar of Okawaru.
  6469 | D:8      | Found a burning altar of Makhleb.
  6549 | D:8      | Became a worshipper of Cheibriados the Contemplative
  6621 | D:9      | Noticed Gastronok
  6751 | D:9      | Noticed Maurice
  6761 | D:9      | Killed Maurice
  6762 | D:9      | Reached skill level 6 in Fighting
  6833 | D:9      | Found Otol's Armour Shop.
  6893 | D:9      | Killed Gastronok
  6894 | D:9      | Reached XP level 11. HP: 105/105 MP: 11/11
  7009 | D:9      | Noticed Harold
  7018 | D:9      | Killed Harold
  7019 | D:9      | Found a hazy altar of Hepliaklqana.
  7186 | D:10     | Entered Level 10 of the Dungeon
  7189 | D:10     | Noticed a two-headed ogre
  7202 | D:10     | Reached * piety under Cheibriados
  7215 | D:10     | Killed a two-headed ogre
  7216 | D:10     | Reached skill level 3 in Invocations
  7412 | D:10     | Noticed Urug
  7434 | D:10     | Killed Urug
  7506 | D:10     | Noticed Grum
  7532 | D:10     | Reached ** piety under Cheibriados
  7595 | D:10     | Killed Grum
  7836 | D:10     | Found a staircase to the Lair.
  7928 | D:11     | Noticed a six-headed hydra
  7968 | D:11     | Killed a seven-headed hydra
  8007 | D:11     | Noticed a boulder beetle
  8018 | D:11     | Killed a boulder beetle
  8182 | D:11     | Noticed an orc knight
  8194 | D:11     | Killed an orc knight
  8195 | D:11     | Reached skill level 12 in Unarmed Combat
  8195 | D:11     | Reached XP level 12. HP: 91/118 MP: 14/14
  8274 | D:11     | Reached *** piety under Cheibriados
  8749 | D:12     | Noticed a boulder beetle
  8749 | D:12     | Noticed a two-headed ogre
  8753 | D:12     | Killed a two-headed ogre
  8765 | D:12     | Killed a boulder beetle
  8921 | D:12     | Found a staircase to the Orcish Mines.
  8972 | D:12     | Found Qidwuloo's Book Shoppe.
  9002 | D:12     | Reached **** piety under Cheibriados
  9323 | Lair:1   | Entered Level 1 of the Lair of Beasts
  9416 | Lair:1   | Reached skill level 12 in Shields
 10068 | Lair:2   | Reached ***** piety under Cheibriados
 10183 | Lair:2   | Reached XP level 13. HP: 126/128 MP: 15/15
 10229 | Lair:2   | Reached skill level 9 in Fighting
 10480 | Lair:2   | Found a staircase to the Shoals.
 10884 | Lair:3   | Found a hole to the Spider Nest.
 11755 | Lair:4   | You fall into a shaft and drop 1 floor!
 11755 | Lair:5   | Entered Level 5 of the Lair of Beasts
 11779 | Lair:5   | Reached skill level 6 in Invocations
 11872 | Lair:5   | Noticed Josephine
 11886 | Lair:5   | Killed Josephine
 12021 | Lair:5   | Noticed Kirke
 12042 | Lair:5   | Slain by Kirke

Illustrated notes

Levels and vault maps discovered:
D:1:      eino_arrival_druids_welcome, layout_rooms
D:2:      layout_basic, basic_altar
D:3:      layout_basic, mainiacjoe_overflow_chevrons, amcnicky_altar_gilded,
          old_standard_altar, serial_shops, shop_fountains, st_stairs_14,
          minmay_bisected
D:4:      layout_rooms, nicolae_wu_jian_glorious_leap, minivault_19
D:5:      layout_rooms, elyvilon_altar_5, portal_sewer_entry_d,
          grunt_decor_mini_mirrors, grunt_ministairs_2, minmay_fire_ice_demons,
          uniq_prince_ribbit1, uniq_grinder, uniq_pikel
D:6:      layout_cave_pods, led_sif_book, minmay_temple_entry_waves,
          uniq_maggie, uniq_eustachio
D:7:      layout_basic, kennysheep_vampire_church,
          mainiacjoe_overflow_tiny_flanked, minmay_starry_boxes
D:8:      layout_basic, lemuel_tele_altar, cheibriados_altar_1,
          chequers_temple_overflow_statue_of_worship,
          biasface_ghost_orc_armoury, fountainhead, uniq_jeremiah
D:9:      layout_rooms, mainiacjoe_overflow_six_doors_small, serial_shops,
          nicolae_shop_trees, uniq_gastronok, uniq_maurice, uniq_harold
D:10:     layout_cross, lair_entry_dummy, kennysheep_crisscross, uniq_grum,
          uniq_urug
D:11:     minmay_ornate_pinched, layout_rooms, david_defended_altar_orc
D:12:     layout_rooms, david_orc_3, serial_shops, shop_coins
Temple:   nicolae_temple_bog_church
Lair:1:   layout_roguey
Lair:2:   beast_lair_carwin_large_3, layout_long_grid,
          minmay_shoals_entry_lonely_mermaid, infiniplex_staircase_pool_2,
          serial_bayou_shore_a, lemuel_fruit_fields
Lair:3:   layout_long_grid, dummy_spider_entry
Lair:4:   layout_roguey
Lair:5:   evilmike_catoblepas_cave, layout_long_grid,
          nicolae_slime_entry_field_trip, uniq_josephine, uniq_kirke

Skill      XL: |  1  2  3  4  5  6  7  8  9 10 11 12 13 |
---------------+----------------------------------------+-----
Unarmed Combat | 1 2 3 4 6 7 9 10 12 | 12.8
Fighting       | 1 2 3 4 5 6 7 8 11 | 11.0
Shields        | 1 2 3 4 6 8 9 10 12 | 12.8
Invocations    | 2 5 7 |  7.8
Short Blades   | |  0.7
Dodging        | |  1.5
Stealth        | |  1.5
Spellcasting   | |  1.2
Hexes          | |  2.0

Action                     |  1- 3 |  4- 6 |  7- 9 | 10-12 | 13-15 || total
---------------------------+-------+-------+-------+-------+-------++-------
  Melee: Unarmed           |    84 |   143 |   334 |   713 |   255 ||  1529
  Throw: Dart              |       |     3 |     6 |    21 |       ||    30
         Large rock        |       |       |       |       |     5 ||     5
 Invoke: Bend Time         |       |       |       |     2 |       ||     2
         Slouch            |       |       |       |       |     4 ||     4
         Step From Time    |       |       |       |       |     1 ||     1
  Evoke: Wand              |       |       |     5 |    14 |     5 ||    24
   Stab: Sleeping          |     1 |       |     1 |     7 |     3 ||    12
         Paralysed         |       |       |       |     8 |       ||     8
         Invisible         |       |       |       |     1 |       ||     1
         Distracted        |       |       |       |     2 |       ||     2
 Armour: Robe              |    32 |       |       |       |       ||    32
         Acid dragon scale |    16 |   105 |   168 |   295 |   104 ||   688
         Skin              |       |       |       |       |    14 ||    14
  Dodge: Dodged            |    23 |    50 |   127 |   263 |   103 ||   566
  Block: Tower shield      |    14 |   108 |   242 |   672 |   304 ||  1340
